 Dungeon Crawl Stone Soup version 0.31-a0-968-g24f9ace8b5 (webtiles) character file.

Game seed: 15329630927183527036

940 Maxmaps the Mimic (level 8, -6/54 HPs)
             Began as an Octopode Shapeshifter on Oct 28, 2023.
             Mangled by an ice beast (13 damage)
             ... on level 6 of the Dungeon.
             The game lasted 00:05:56 (4594 turns).

Maxmaps the Mimic (Octopode Shapeshifter)           Turns: 4594, Time: 00:05:57

Health: -6/54      AC:  1    Str: 13    XL:     8   Next: 12%
Magic:  17/17      EV: 13    Int: 15    God:
Gold:   720        SH:  0    Dex: 11    Spells: 7/7 levels left

rFire   . .          .
                       - Unarmed
rCold   . . .        (shield currently unavailable)
rNeg    . . .        (helmet restricted)
rPois   +            (no amulet)
rElec   .            m - ring of poison resistance
rCorr   +            e - ring of resist corrosion
SInv    .            p - ring of magical power
Will    .....        (no ring)
Stlth   +            (no ring)
HPRegen 0.29/turn    (no ring)
MPRegen 0.15/turn    (no ring)
                     (no ring)

%: no passive effects
@: flux-form, weakened, glowing
A: glow, contaminating, almost no armour, amphibious, 8 rings, camouflage 1,
gelatinous body 1, (nimble swimmer 1), tentacles
a: Begin Untransformation


You were on level 6 of the Dungeon.
You were something dangerously unstable.
You visited 1 branch of the dungeon, and saw 6 of its levels.
You also visited: Sewer.

You collected 720 gold pieces.

Inventory:

Hand Weapons
 f - a +3 dagger of venom
Jewellery
 e - a ring of resist corrosion (right tentacle)
 m - a ring of poison resistance (left tentacle)
 p - a ring of magical power (on tentacle)
Talismans
 b - a beast talisman
 c - a flux talisman (active)
Wands
 o - a wand of paralysis (11)
Scrolls
 h - a scroll of teleportation
 i - 3 scrolls of revelation
 k - 3 scrolls of identify
 q - a scroll of silence
 r - a scroll of enchant armour
 s - a scroll of fog {unknown}
Potions
 a - a potion of berserk rage
 d - 2 potions of cancellation
 g - 2 potions of curing
 j - 2 potions of attraction {unknown}
 l - 2 potions of resistance
 n - 2 potions of brilliance {unknown}
 t - a potion of heal wounds {unknown}
 u - a potion of might {unknown}
 v - a potion of magic {unknown}


   Skills:
 + Level 3.9 Fighting
 - Level 2.0 Dodging
 - Level 3.0 Unarmed Combat
 - Level 8.1 Shapeshifting


You had 7 spell levels left.
You didn't know any spells.
Your spell library was empty.

Dungeon Overview and Level Annotations

Branches:
Dungeon (6/15)              Sewer (visited)
 Temple: D:4-7

Altars:
Elyvilon
Ru

Shops:
D:3 :[?


Innate Abilities, Weirdness & Mutations

You are something dangerously unstable.
You glow with magical radiation, making you easy to see and hit.
Foes you strike become dangerously contaminated with magical radiation.
You are incapable of wielding weapons or throwing items.
You cannot wear most types of armour.
You are amphibious.
You can wear up to eight rings at the same time.
Your skin changes colour to match your surroundings (Stealth+).
Your rubbery body absorbs attacks. (AC +1, EV +1)
((You are camouflaged when in or above water. (Stealth+)))
You have tentacles for arms and can constrict up to eight enemies at once.


Message History

The gnoll is lightly wounded.
The gnoll bouda calls upon its god to heal the gnoll.
The gnoll's wounds heal themselves!
The gnoll hits you with a +0 club.
The gnoll shouts!
You tentacle-slap the gnoll.
The gnoll glows dangerously bright.
You grab the gnoll.
The gnoll is lightly wounded.
You constrict the gnoll. The gnoll hits you with a +0 club.
You completely miss the gnoll.
The gnoll is lightly wounded.
You constrict the gnoll, but do no damage.
The gnoll closely misses you.
You tentacle-slap the gnoll.
The gnoll shudders as magic cascades through it!
You kill the gnoll!
The gnoll bouda gazes fiercely through you!
You feel your attacks grow feeble.
The gnoll shouts!
The gnoll misses you.
You climb upwards.
There is a stone staircase leading down here.
No target in view!
No target in view!
No target in view!
You climb downwards.
The gnoll hits you with a +0 whip. x2
The gnoll hits you from afar with a +0 spear!
The ice beast misses you.
The gnoll bouda gazes fiercely through you!
You feel as though you will be weak longer.
The gnoll bouda hits you with a +0 club!
* * * LOW HITPOINT WARNING * * *
The kobold throws a stone.
The stone hits you.
* * * LOW HITPOINT WARNING * * *
There is a stone staircase leading up, spattered with blood here.
Unknown command.
The kobold shouts!
The gnoll closely misses you. x2; The ice beast hits you.
* * * LOW HITPOINT WARNING * * *
The ice beast freezes you!
You die...

............#####.#..#
..........KK###......#
........#..#...###.# #
....####...#.###)######
##.# #.......#......##
##...............##
###..g.g............#
#......Y$...........#
..#......pg...........#
..........g...........#
.#...................#
......................#
.....................##
..#...(......##.....##
. ##...#.##### .#.
#.....# ..#....


You could see an ice beast, a gnoll bouda, 3 gnolls and 2 kobolds.

Vanquished Creatures
  2 water moccasins
  2 ogres
  2 phantoms (D:5)
  A scorpion (D:6)
  2 jellies
  2 iguanas (D:5)
  13 adders
  A river rat (D:4)
  A gnoll (D:6)
  6 worms
  2 dart slugs (D:2)
  3 orcs
  8 ball pythons
  11 endoplasms
  7 giant cockroaches
  4 goblins
  7 hobgoblins
  4 jackals (D:3)
  5 quokkas
  6 bats
  5 frilled lizards
  6 kobolds
  5 rats
105 creatures vanquished.

Notes
Turn   | Place    | Note
-------+----------+-------------------------------------------
     0 | D:1      | Maxmaps the Octopode Shapeshifter began the quest for the
                  | Orb.
     0 | D:1      | Reached XP level 1. HP: 13/13 MP: 1/1
   186 | D:1      | Reached XP level 2. HP: 15/18 MP: 2/2
   468 | D:1      | Found a faded altar of an unknown god.
   827 | D:2      | Reached XP level 3. HP: 23/23 MP: 3/3
   847 | D:2      | Reached skill level 4 in Shapeshifting
  1325 | D:3      | Reached XP level 4. HP: 7/28 MP: 4/4
  1539 | D:3      | Found Hifid's Magic Scroll Emporium.
  1665 | D:3      | Found Sochaff's Antique Armour Shoppe.
  1768 | D:3      | Found Ocloecwa's Book Emporium.
  1773 | D:3      | Reached skill level 5 in Shapeshifting
  1789 | D:3      | Reached XP level 5. HP: 16/33 MP: 5/5
  2455 | D:4      | Found a glowing drain.
  2496 | Sewer    | Entered a sewer
  2533 | Sewer    | Noticed a water moccasin
  2546 | Sewer    | Killed a water moccasin
  2547 | Sewer    | Reached skill level 6 in Shapeshifting
  2547 | Sewer    | Reached XP level 6. HP: 38/38 MP: 6/6
  2606 | D:4      | Identified a scroll of acquirement
  2606 | D:4      | Acquired 425 gold pieces
  3514 | D:5      | Entered Level 5 of the Dungeon
  3560 | D:5      | Found a white marble altar of Elyvilon.
  3621 | D:5      | Noticed a water moccasin
  3626 | D:5      | Killed a water moccasin
  3627 | D:5      | Reached skill level 7 in Shapeshifting
  3627 | D:5      | Reached XP level 7. HP: 34/43 MP: 7/7
  4045 | D:5      | Reached skill level 8 in Shapeshifting
  4191 | D:5      | Found a sacrificial altar of Ru.
  4370 | D:6      | Reached XP level 8. HP: 52/52 MP: 8/8
  4594 | D:6      | Mangled by an ice beast

Illustrated notes

Levels and vault maps discovered:
D:1:      mushboom_english_gardens, layout_loops_ring,
          shapermc_ecumenical_altar_mp_vishouse
D:2:      minmay_angry_zag, layout_rooms
D:3:      layout_rooms, serial_shops, shop, nicolae_shop_rolling_square, shop,
          kennysheep_generic_room_7
D:4:      layout_loops_corners, mainiacjoe_sewer_entry_somewhere_in_here_2
D:5:      layout_basic, nicolae_ru_the_path_less_chosen,
          mainiacjoe_overflow_tiny_flanked
D:6:      layout_rooms, lemuel_doored_altar, kennysheep_mini_moat,
          minmay_temple_entry_mini_moons, kennysheep_generic_room_3

Skill      XL: |  1  2  3  4  5  6  7 |
---------------+----------------------+-----
Shapeshifting  | 4 5 6 7 8 |  8.1
Fighting       | 3 |  3.9
Dodging        | |  2.0
Unarmed Combat | |  3.0

Action                     |  1- 3 |  4- 6 |  7- 9 || total
---------------------------+-------+-------+-------++-------
  Melee: Unarmed           |    71 |   119 |    64 ||   254
         Constrict         |    17 |    27 |    10 ||    54
         Tentacles         |    12 |    17 |    22 ||    51
         Punch             |     1 |     4 |       ||     5
    Use: Scroll            |       |    11 |     1 ||    12
         Potion            |       |     3 |       ||     3
   Stab: Sleeping          |     9 |    13 |       ||    22
 Armour: Skin              |    30 |    47 |    40 ||   117
  Dodge: Dodged            |    38 |    55 |    43 ||   136
   Form: Flux              |       |       |     1 ||     1

Table legend: (Time is in decaauts)
 A = Elapsed time spent in this place.
 B = Non-inter-level travel time spent in this place.
 C = Inter-level travel time spent in this place.
 D = Time resting spent in this place.
 E = Time spent auto-exploring this place.
 F = Levels seen in this place.
 G = Mean time per level.
                   A        B        C        D        E       F      G
               +--------+--------+--------+--------+--------+-----+--------+
         Total |   4580 |   4442 |    138 |    686 |   3068 |   7 |  654.3 |
       Dungeon |   4472 |   4334 |    138 |    671 |   3018 |   6 |  745.3 |
         Sewer |    108 |    108 |      0 |     15 |     50 |   1 |  108.0 |
               +--------+--------+--------+--------+--------+-----+--------+

Top non-repeatable levels by time:
     D:4: 1111 daAuts
     D:5: 988 daAuts
     D:3: 906 daAuts
     D:1: 778 daAuts
     D:2: 598 daAuts
   Sewer: 108 daAuts
     D:6: 87 daAuts
